 Dungeon Crawl Stone Soup version 0.20-a0-681-gf83e07f (webtiles) character file.

43 polly the Slasher (level 3, -4/27 HPs)
             Began as a Demonspawn Gladiator on Feb 19, 2017.
             Killed from afar by Ijyb (9 damage)
             ... with a wand of lightning (?/15)
             ... on level 3 of the Dungeon.
             The game lasted 00:01:56 (1381 turns).

polly the Slasher (Demonspawn Gladiator)            Turns: 1381, Time: 00:01:57

Health: -4/27      AC: 12    Str: 18 (20) XL:     3   Next: 37%
Magic:  3/3        EV:  7    Int:  7 (9)  God:
Gold:   129        SH: 11    Dex: 11 (14) Spells: 2/2 levels left

rFire    . . .     SeeInvis .   a - +0 long sword
rCold    . . .     Gourm    .   b - +0 leather armour
rNeg     . . .     Faith    .   h - +0 large shield
rPois    .         Spirit   .   c - +0 helmet
rElec    .         Reflect  .   r - +0 cloak
rCorr    .         Harm     .   p - +1 pair of gloves
MR       .....     Rnd*Tele +   m - +2 pair of boots
Stlth    +.........             (no amulet)
Regen    0.1/turn               (no ring)
MPRegen  0.1/turn               g - ring of teleportation (curse)

@: mighty
A: yellow scales 1
a: no special abilities


You were on level 3 of the Dungeon.
You were not hungry.

You visited 1 branch of the dungeon, and saw 3 of its levels.

You collected 129 gold pieces.

Inventory:

Hand Weapons
 a - a +0 long sword (weapon)
Missiles
 d - 3 throwing nets (quivered)
Armour
 b - a +0 leather armour (worn)
 c - a +0 helmet (worn)
 h - a +0 large shield (worn)
 m - a +2 pair of boots (worn)
 p - a +1 pair of gloves (worn)
 r - a +0 cloak (worn)
Jewellery
 g - a cursed ring of teleportation (left hand)
Scrolls
 e - a scroll of magic mapping {unknown}
 i - a scroll of remove curse {unknown}
 j - 2 scrolls of identify {unknown}
 l - 2 scrolls of amnesia
Potions
 o - 2 potions of invisibility {unknown}
 q - 2 potions of heal wounds {unknown}
Comestibles
 f - a bread ration


   Skills:
 + Level 2.2 Fighting
 + Level 3.3 Long Blades
 + Level 2.0 Throwing
 + Level 0.6 Armour
 + Level 3.0 Dodging
 + Level 0.1 Shields


You had 2 spell levels left.
You didn't know any spells.

Dungeon Overview and Level Annotations

Branches:
Dungeon (3/15)

Altars:

Annotations:
D:3 Ijyb


Innate Abilities, Weirdness & Mutations

You are partially covered in yellow scales. (AC +2)


Message History

You are too injured to fight recklessly!
You are too injured to fight recklessly!
You are too injured to fight recklessly!
You are too injured to fight recklessly!
You are too injured to fight recklessly!
You are too injured to fight recklessly!
You are too injured to fight recklessly!
You are too injured to fight recklessly!
You are too injured to fight recklessly!
You are too injured to fight recklessly!
You are too injured to fight recklessly!
You are too injured to fight recklessly!
You are too injured to fight recklessly!
You are too injured to fight recklessly!
You are too injured to fight recklessly!
You are too injured to fight recklessly!
It was a potion of might.
You feel very mighty all of a sudden.
Ijyb zaps a wand.
The bolt of lightning hits you!
You die...

#.# ..#.#
#.# .## .
#.# #. ##
#.# #.
###.# #.
....# #####
######
########.#
.....#
#..@...g.#
####<#
#.######...
#.# #.# #.#
#.# #.# #.#
#.# #[# #.#
###.# #.#
#.# ##...##
#.# #.#
......# #.#
#.# ##.##.#
#.# ##.##


You could see Ijyb.

Vanquished Creatures
  2 adders (D:3)
  A leopard gecko (D:3)
  An orc (D:3)
  2 bats
  4 goblins
  2 hobgoblins
  3 kobolds
  A quokka (D:2)
  5 frilled lizards
  4 rats
25 creatures vanquished.

Notes
Turn   | Place    | Note
-------+----------+-------------------------------------------
     0 | D:1      | polly the Demonspawn Gladiator began the quest for the Orb.
     0 | D:1      | Reached XP level 1. HP: 16/16 MP: 1/1
   464 | D:2      | Gained mutation: You are partially covered in yellow scales. (AC +2) [demonic ancestry]
   464 | D:2      | Reached XP level 2. HP: 22/22 MP: 2/2
   991 | D:3      | Reached XP level 3. HP: 14/27 MP: 3/3
  1378 | D:3      | Noticed Ijyb
  1381 | D:3      | Killed from afar by Ijyb

Vault maps used:
D:1:      minmay_arrival_hallway
D:2:      minmay_domino_2
D:3:      uniq_iyjb, uniq_terence

Skill      XL: |  1  2  3 |
---------------+----------+-----
Throwing       | 2 |  2.0
Long Blades    | 3 |  3.3
Dodging        | 3 |  3.0
Fighting       | |  2.2
Armour         | |  0.6
Shields        | |  0.1

Action                   || total
-------------------------++-------
Melee: Long sword        ||   101
  Use: Scroll            ||     3
       Potion            ||     5
 Stab: Sleeping          ||     2
  Eat: Chunk             ||     2
Armor: Leather armour    ||    46
Dodge: Dodged            ||    36
Block: Large shield      ||    46
       Rpst.: Long sword ||    15
